 Dungeon Crawl Stone Soup version 0.27.1-37-g7b29ead8ac (console) character file.

Game seed: 9509168020254085135

404 grimtooth the Magician (level 7, -1/50 HPs)
             Began as a Djinni Fire Elementalist on Mar 8, 2023.
             Slain by Duvessa (11 damage)
             ... on level 4 of the Dungeon.
             The game lasted 00:16:48 (4089 turns).

grimtooth the Magician (Djinni Fire Elementalist)   Turns: 4089, Time: 00:16:49

Health: -1/50      AC:  3    Str:  7    XL:     7   Next: 12%
Gold:   115        EV: 12    Int: 18    God:
                   SH:  0    Dex: 14

rFire    + + .     SeeInvis .   g - +0 dagger
rCold    x . .     Faith    .   (no shield)
rNeg     . . .     Spirit   .   a - +0 robe
rPois    ∞         Reflect  .   (no helmet)
rElec    .         Harm     .   (no cloak)
rCorr    .         Rampage  .   r - +0 pair of gloves
Will     .....                  (boots unavailable)
Stlth    ++........             (no amulet)
HPRegen  0.16/turn              (no ring)
MPRegen  0.00/turn              (no ring)

@: flying
A: sickness immunity, fire resistance 2, cold vulnerability 1, float, innate
caster, hp casting, extra vitality 1
a: no special abilities


You were on level 4 of the Dungeon.
You visited 1 branch of the dungeon, and saw 4 of its levels.

You collected 115 gold pieces.

Inventory:

Hand Weapons
 g - a +0 dagger (weapon)
 p - a +1 eveningstar of draining
Missiles
 f - 46 stones (quivered)
 h - 23 sling bullets
 q - 2 poisoned darts
Armour
 a - a +0 robe (worn)
 r - a +0 pair of gloves (worn)
Magical Staves
 l - a staff of death
Wands
 n - a wand of iceblast (7)
Scrolls
 c - a scroll of summoning {unknown}
 d - a scroll of magic mapping {unknown}
 e - a scroll of noise {unknown}
 j - a scroll of identify {unknown}
 k - a scroll of blinking {unknown}
 o - a scroll of amnesia {unknown}
Potions
 b - a potion of brilliance {unknown}
 i - a potion of degeneration {unknown}
 m - 2 potions of heal wounds {unknown}


   Skills:
 + Level 3.6 Fighting
 - Level 2.1 Dodging
 - Level 1.5 Stealth
 * Level 4.9 Spellcasting


You couldn't memorise any spells.
You knew the following spells:

 Your Spells              Type           Power      Damage    Failure   Level
a - Foxfire               Conj/Fire      88%        2x1d8     1%          1
b - Conjure Flame         Conj/Fire      22%        6-21      5%          3
d - Sticky Flame          Conj/Fire      22%        2d4       17%         4
f - Fireball              Conj/Fire      11%        3d7       43%         5
g - Sting                 Tmut/Pois      88%        1d7       1%          1
i - Inner Flame           Hex/Fire       22%        N/A       5%          3
w - Slow                  Hex            22%        N/A       2%          2
N - Call Canine Familiar  Summ           22%        N/A       5%          3
Your spell library was empty.

Dungeon Overview and Level Annotations

Branches:
Dungeon (4/15)
 Temple: D:4-7

Altars:
Dithmenos

Annotations:
D:2 Sigmund
D:4 Dowan, Duvessa


Innate Abilities, Weirdness & Mutations

You are immune to sickness and miasma.
You are immune to poison.
Your flesh is very heat resistant. (rF++)
You are vulnerable to cold. (rC-)
You float through the air rather than walking.
You learn spells naturally, not from books.
Your magical power is your life essence.
You have superior vitality. (+4 HP)


Message History

Duvessa seems to speed up.
Casting: Foxfire (safe; 1% risk of failure)
Confirm with . or Enter, or press ? or * to list all spells.
You conjure some foxfire!
The foxfire hits Duvessa but does no damage.
Duvessa is severely wounded.
The foxfire hits Duvessa.
Duvessa is severely wounded.
The foxfire hits Duvessa!
Duvessa is almost dead.
The foxfire hits Duvessa.
Duvessa is almost dead.
Casting: Foxfire (safe; 1% risk of failure)
Confirm with . or Enter, or press ? or * to list all spells.
Aiming: Sting (safe; 1% risk of failure)
Press: ? - help, Shift-Dir - straight line, f - Duvessa, p - Dowan
Aim: Duvessa, wielding a +0 short sword and wearing a +0 chain mail (almost dead, fast, 85% to hit)
The sting hits Duvessa but does no damage.
Duvessa is poisoned.
Duvessa is almost dead.
Dowan says, "Magic and the sword, together, will defeat you."
Duvessa hits you with a +0 short sword!
* * * LOW HITPOINT WARNING * * *
Casting: Sting (safe; 1% risk of failure)
Confirm with . or Enter, or press ? or * to list all spells.
You conjure some foxfire!
* * * LOW HITPOINT WARNING * * *
Duvessa hits you but does no damage.
The foxfire hits Duvessa but does no damage.
Duvessa is almost dead.
The foxfire hits Duvessa but does no damage.
Duvessa is almost dead.
Duvessa hits you with a +0 short sword.
* * * LOW HITPOINT WARNING * * *
Casting: Foxfire (safe; 1% risk of failure)
Confirm with . or Enter, or press ? or * to list all spells.
You conjure some foxfire!
* * * LOW HITPOINT WARNING * * *
Duvessa hits you with a +0 short sword!
You die...

##............#
##...........#
##...........
##.......... #
##.e...###. ##
#.....# .##
##....## ..##
#.....# #..##
##....## ##..##
##...e##
#...### ##§.@v#
##....##
##..v.#
##...(.#
###...#
##......##
#...#
#........##
#...#
...####...###
###.. ####
##....## #
#.....##
##......##
##........#
#..#####..##


You could see Duvessa (fast, poisoned, ally target) and Dowan (slow).

Vanquished Creatures
  A phantom (D:4)
  2 scorpions (D:4)
  A water moccasin skeleton (D:4)
  A howler monkey (D:4)
  A hound skeleton (D:4)
  2 adders
  An adder skeleton (D:4)
  2 worms
  3 dart slugs
  An orc (D:3)
  7 endoplasms
  9 giant cockroaches
  5 goblins
  7 hobgoblins
  7 jackals (D:4)
  6 quokkas
  9 ball pythons
  4 bats (D:3)
  9 kobolds
  7 rats
85 creatures vanquished.

Vanquished Creatures (others)
  320 foxfires
320 creatures vanquished.

Grand Total: 405 creatures vanquished

Notes
Turn   | Place    | Note
-------+----------+-------------------------------------------
     0 | D:1      | grimtooth the Djinni Fire Elementalist began the quest for
                  | the Orb.
     0 | D:1      | Reached XP level 1. HP: 15/15 MP: 0/0
   252 | D:1      | Reached XP level 2. HP: 21/22 MP: 0/0
   424 | D:1      | Reached skill level 1 in Fighting
   804 | D:1      | Reached XP level 3. HP: 26/27 MP: 0/0
   804 | D:1      | Learned a level 1 spell: Sting
   842 | D:1      | Reached skill level 3 in Spellcasting
  1462 | D:2      | Noticed Sigmund
  1724 | D:2      | Reached XP level 4. HP: 29/32 MP: 0/0
  2943 | D:4      | Reached XP level 5. HP: 34/38 MP: 0/0
  2943 | D:4      | Learned a level 2 spell: Slow
  3062 | D:4      | Reached skill level 4 in Spellcasting
  3404 | D:4      | Noticed a phantom
  3414 | D:4      | Killed a phantom
  3415 | D:4      | Reached XP level 6. HP: 41/46 MP: 0/0
  3459 | D:4      | Noticed Duvessa
  3487 | D:4      | Found a shadowy altar of Dithmenos.
  3799 | D:4      | Reached XP level 7. HP: 45/50 MP: 0/0
  3799 | D:4      | Learned a level 3 spell: Call Canine Familiar
  4067 | D:4      | Noticed Dowan
  4089 | D:4      | Slain by Duvessa

Illustrated notes

Levels and vault maps discovered:
D:1:      matt_arrival_los_fun, layout_loops_corners, minivault_23
D:2:      layout_loops_ring, basic_altar, kennysheep_cluttered_room,
          minmay_nonomino_d4, uniq_sigmund, uniq_crazy_yiuf_cottage
D:3:      layout_basic, st_stairs_10
D:4:      layout_layer_cave, nicolae_dithmenos_shadow_blocks, uniq_duvessa

Skill      XL: |  1  2  3  4  5 |
---------------+----------------+-----
Fighting       | 1 2 3 |  3.6
Spellcasting   | 3 4 |  4.9
Dodging        | |  2.1
Stealth        | |  1.5

Action                   |  1- 3 |  4- 6 |  7- 9 || total
-------------------------+-------+-------+-------++-------
Melee: Dagger            |     2 |       |       ||     2
 Cast: Foxfire           |    47 |   116 |    19 ||   182
       Call Canine Famil |       |       |     4 ||     4
       Slow              |       |       |     3 ||     3
       Sting             |       |       |     1 ||     1
Armor: Robe              |     1 |     2 |     1 ||     4
Dodge: Dodged            |    11 |     8 |     3 ||    22
